 Dungeon Crawl Stone Soup version 0.27.1-34-g3ba077fa99 (webtiles) character file.

Game seed: 12308264143342035645

728 shadowrider38 the Ducker (level 7, -1/56 HPs)
             Began as a Gnoll Gladiator on Jan 7, 2022.
             Slain by a gnoll shaman (7 damage)
             ... on level 4 of the Dungeon.
             The game lasted 00:05:07 (4153 turns).

shadowrider38 the Ducker (Gnoll Gladiator)          Turns: 4153, Time: 00:05:07

Health: -1/56      AC:  8    Str: 15    XL:     7   Next: 72%
Magic:  11/11      EV: 13    Int:  8    God:
Gold:   241        SH:  0    Dex: 13    Spells: 11/11 levels left

rFire    . . .     SeeInvis .   a - +0 battleaxe
rCold    . . .     Faith    .   (shield currently unavailable)
rNeg     . . .     Spirit   .   o - +0 ring mail
rPois    .         Reflect  .   c - +2 helmet
rElec    .         Harm     .   (no cloak)
rCorr    .         Rampage  .   (no gloves)
Will     ++...                  (no boots)
Stlth    +.........             (no amulet)
HPRegen  0.18/turn              n - ring of willpower
MPRegen  0.12/turn              m - ring of willpower

@: no status effects
A: fangs 1, strong nose, distributed training
a: no special abilities


You were on level 4 of the Dungeon.
You visited 1 branch of the dungeon, and saw 4 of its levels.

You collected 241 gold pieces.

Inventory:

Hand Weapons
 a - a +0 battleaxe (weapon)
Missiles
 d - 3 throwing nets (quivered)
 j - 177 stones
 p - 25 poisoned darts
Armour
 c - a +2 helmet (worn)
 o - a +0 ring mail (worn)
Jewellery
 e - a ring of fire
 m - a ring of willpower (right hand)
 n - a ring of willpower (left hand)
Wands
 u - a wand of paralysis (8)
Scrolls
 b - a scroll of blinking {unknown}
 f - 2 scrolls of identify {unknown}
 g - 2 scrolls of magic mapping {unknown}
 h - 2 scrolls of amnesia {unknown}
 k - a scroll of enchant armour
 l - a scroll of summoning {unknown}
 r - a scroll of enchant weapon {unknown}
 v - a scroll of fog {unknown}
 x - a scroll of noise {unknown}
Potions
 i - a potion of flight {unknown}
 q - a potion of heal wounds {unknown}
 s - a potion of haste {unknown}
 t - a potion of cancellation {unknown}
 w - a potion of berserk rage {unknown}


   Skills:
 + Level 5.3 Fighting
 + Level 2.6 Short Blades
 + Level 2.6 Long Blades
 + Level 7.1 Axes
 + Level 2.6 Maces & Flails
 + Level 2.6 Polearms
 + Level 2.6 Staves
 + Level 2.6 Slings
 + Level 2.6 Bows
 + Level 2.6 Crossbows
 + Level 5.3 Throwing
 + Level 2.6 Armour
 + Level 7.1 Dodging
 + Level 2.6 Stealth
 + Level 2.6 Shields
 + Level 2.6 Unarmed Combat
 + Level 2.6 Spellcasting
 + Level 2.1 Conjurations
 + Level 2.1 Hexes
 + Level 2.1 Summonings
 + Level 2.1 Necromancy
 + Level 2.1 Translocations
 + Level 2.1 Transmutations
 + Level 2.1 Fire Magic
 + Level 2.1 Ice Magic
 + Level 2.1 Air Magic
 + Level 2.1 Earth Magic
 + Level 2.1 Poison Magic
 + Level 3.0 Invocations
 + Level 2.6 Evocations


You had 11 spell levels left.
You didn't know any spells.
Your spell library contained the following spells:

 Spells                   Type           Power      Damage    Failure   Level
 Animate Skeleton         Necr           8%         N/A       26%         1
 Apportation              Tloc           8%         N/A       26%         1
 Pain                     Necr           16%        1d4       26%         1
 Summon Small Mammal      Summ           16%        N/A       26%         1
 Call Canine Familiar     Summ           4%         N/A       61%         3
 Summon Guardian Golem    Hex/Summ       4%         N/A       61%         3
 Vampiric Draining        Necr           2%         2d6       61%         3
 Alistair's Intoxication  Tmut/Pois      2%         N/A       100%        5
 Dispersal                Tloc           2%         N/A       100%        6
 Invisibility             Hex            2%         N/A       100%        6
 Disjunction              Tloc           2%         N/A       100%        8


Dungeon Overview and Level Annotations

Branches:
Dungeon (4/15)
 Temple: D:4-7

Altars:
Elyvilon
Nemelex Xobeh

Shops:
D:2 :


Innate Abilities, Weirdness & Mutations

You have very sharp teeth.
Your uncanny sense of smell can sniff out nearby items.
Your experience applies equally to all skills.


Message History

A gnoll shaman is nearby!
The gnoll shouts!
A gnoll comes into view. It is wielding a +0 flail.
The gnoll shouts!
You barely miss the gnoll shaman. The gnoll shaman barely misses you.
The gnoll barely misses you. The gnoll shaman barely misses you.
You slash the gnoll shaman!
The gnoll shaman is heavily wounded.
The gnoll hits you from afar with a +0 halberd.
The gnoll shaman hits you but does no damage.
You hit the gnoll shaman. Your bite misses the gnoll shaman.
The gnoll shaman is heavily wounded.
The gnoll hits you from afar with a +0 halberd.
The gnoll shaman hits you with a +0 club!
The gnoll barely misses you.
You closely miss the gnoll shaman.
The gnoll shaman is heavily wounded.
The gnoll shaman hits you with a +0 club.
The gnoll closely misses you. The gnoll shaman barely misses you.
You barely miss the gnoll shaman. Your bite misses the gnoll shaman.
The gnoll shaman is heavily wounded.
The gnoll barely misses you.
The gnoll shaman hits you with a +0 club.
The gnoll hits you from afar with a +0 halberd!
You closely miss the gnoll shaman. Your bite misses the gnoll shaman.
The gnoll shaman is heavily wounded.
The gnoll shaman hits you with a +0 club.
The gnoll hits you from afar with a +0 halberd!
* * * LOW HITPOINT WARNING * * *
You barely miss the gnoll shaman.
The gnoll shaman is heavily wounded.
The gnoll shaman prays to its god.
The gnoll shaman is healed somewhat.
The gnoll misses you.
The gnoll shaman hits you with a +0 club!
* * * LOW HITPOINT WARNING * * *
You hit the gnoll shaman.
The gnoll shaman is heavily wounded.
The gnoll misses you.
The gnoll shaman hits you with a +0 club!
You die...

##### #.g.#
#####.#g#
#.ggg.#@#
#....####.#####
#...∆ #.....#
#.. #####.# ##
#.# #####.# ##
#.....# #.
#.#####
#.###### #.#


You could see a gnoll shaman and a gnoll.

Vanquished Creatures
  Pikel (D:4)
  Blork the orc (D:4)
  An orc priest (D:4)
  Natasha (D:4)
  8 adders
  4 gnolls
  2 worms
  2 dart slugs
  3 orcs
  2 endoplasms
  5 giant cockroaches
  6 goblins
  5 hobgoblins
  2 jackals (D:2)
  6 quokkas
  4 ball pythons
  3 bats
  3 frilled lizards
  A jackal skeleton (D:4)
  6 kobolds
  3 rats
69 creatures vanquished.

Notes
Turn   | Place    | Note
-------+----------+-------------------------------------------
     0 | D:1      | shadowrider38 the Gnoll Gladiator began the quest for the
                  | Orb.
     0 | D:1      | Reached XP level 1. HP: 20/20 MP: 1/1
   186 | D:1      | Reached XP level 2. HP: 26/26 MP: 2/2
  1093 | D:2      | Reached XP level 3. HP: 30/31 MP: 3/3
  1278 | D:2      | Found a faded altar of an unknown god.
  1314 | D:2      | Reached skill level 1 in Invocations
  1483 | D:2      | Reached skill level 1 in Short Blades
  1483 | D:2      | Reached skill level 1 in Long Blades
  1483 | D:2      | Reached skill level 1 in Maces & Flails
  1483 | D:2      | Reached skill level 1 in Polearms
  1483 | D:2      | Reached skill level 1 in Staves
  1483 | D:2      | Reached skill level 1 in Slings
  1483 | D:2      | Reached skill level 1 in Bows
  1483 | D:2      | Reached skill level 1 in Crossbows
  1483 | D:2      | Reached skill level 1 in Armour
  1483 | D:2      | Reached skill level 1 in Stealth
  1483 | D:2      | Reached skill level 1 in Shields
  1483 | D:2      | Reached skill level 1 in Unarmed Combat
  1483 | D:2      | Reached skill level 1 in Spellcasting
  1483 | D:2      | Reached skill level 1 in Evocations
  1483 | D:2      | Reached XP level 4. HP: 25/38 MP: 5/5
  1780 | D:3      | Reached skill level 1 in Conjurations
  1780 | D:3      | Reached skill level 1 in Hexes
  1780 | D:3      | Reached skill level 1 in Summonings
  1780 | D:3      | Reached skill level 1 in Necromancy
  1780 | D:3      | Reached skill level 1 in Translocations
  1780 | D:3      | Reached skill level 1 in Transmutations
  1780 | D:3      | Reached skill level 1 in Fire Magic
  1780 | D:3      | Reached skill level 1 in Ice Magic
  1780 | D:3      | Reached skill level 1 in Air Magic
  1780 | D:3      | Reached skill level 1 in Earth Magic
  1780 | D:3      | Reached skill level 1 in Poison Magic
  1929 | D:2      | Reached XP level 5. HP: 28/43 MP: 6/6
  2334 | D:3      | Found a sparkling altar of Nemelex Xobeh.
  2503 | D:3      | Found a white marble altar of Elyvilon.
  2921 | D:2      | Found Jojaon's Book Emporium.
  3183 | D:4      | Noticed Natasha
  3193 | D:4      | Killed Natasha
  3373 | D:4      | Noticed Pikel
  3373 | D:4      | Noticed a lemure
  3378 | D:4      | Noticed a lemure
  3380 | D:4      | Noticed a lemure
  3381 | D:4      | Noticed a lemure
  3390 | D:4      | Killed Pikel
  3391 | D:4      | Reached skill level 5 in Fighting
  3391 | D:4      | Reached skill level 5 in Throwing
  3391 | D:4      | Reached XP level 6. HP: 10/51 MP: 7/9
  3391 | D:4      | Reached XP level 7. HP: 11/56 MP: 7/10
  3734 | D:4      | Noticed Blork the orc
  3759 | D:4      | Killed Blork the orc
  4153 | D:4      | Slain by a gnoll shaman

Illustrated notes

Levels and vault maps discovered:
D:1:      dpeg_arrival_chambers_temple_mockup, layout_loops_cross, nrook_uturn
D:2:      layout_loops_ring, basic_ecumenical_altar, serial_shops, shop,
          minmay_misc_feat_columns, lightli_corner_chamber
D:3:      layout_rooms, nemelex_diamond_rough_becter, elyvilon_altar_4,
          minivault_24
D:4:      layout_basic, lemuel_coloured_pillars_altar,
          hangedman_decor_peaks_small, uniq_blork_the_orc, uniq_pikel,
          uniq_natasha

Skill      XL: |  1  2  3  4  5  6  7 |
---------------+----------------------+-----
Invocations    | 1 2 3 |  3.0
Short Blades   | 1 2 |  2.6
Long Blades    | 1 2 |  2.6
Maces & Flails | 1 2 |  2.6
Polearms       | 1 2 |  2.6
Staves         | 1 2 |  2.6
Slings         | 1 2 |  2.6
Bows           | 1 2 |  2.6
Crossbows      | 1 2 |  2.6
Armour         | 1 2 |  2.6
Stealth        | 1 2 |  2.6
Shields        | 1 2 |  2.6
Unarmed Combat | 1 2 |  2.6
Spellcasting   | 1 2 |  2.6
Evocations     | 1 2 |  2.6
Conjurations   | 1 2 |  2.1
Hexes          | 1 2 |  2.1
Summonings     | 1 2 |  2.1
Necromancy     | 1 2 |  2.1
Translocations | 1 2 |  2.1
Transmutations | 1 2 |  2.1
Fire Magic     | 1 2 |  2.1
Ice Magic      | 1 2 |  2.1
Air Magic      | 1 2 |  2.1
Earth Magic    | 1 2 |  2.1
Poison Magic   | 1 2 |  2.1
Fighting       | 5 |  5.3
Axes           | 7 |  7.1
Throwing       | 5 |  5.3
Dodging        | 7 |  7.1

Action                   |  1- 3 |  4- 6 |  7- 9 || total
-------------------------+-------+-------+-------++-------
Melee: War axe           |    90 |   125 |       ||   215
       Bite              |     6 |    14 |     6 ||    26
       Whip              |       |       |    22 ||    22
       Battleaxe         |       |       |    17 ||    17
       Punch             |       |       |     2 ||     2
Evoke: Wand              |       |     1 |       ||     1
  Use: Scroll            |       |     2 |       ||     2
 Stab: Sleeping          |     3 |       |       ||     3
       Paralysed         |       |     3 |       ||     3
Armor: Leather armour    |    21 |    13 |       ||    34
       Ring mail         |       |    24 |     8 ||    32
Dodge: Dodged            |    78 |    97 |    27 ||   202
